 Dungeon Crawl Stone Soup version 0.24-a0-789-g35933f4585 (webtiles) character file.

Game seed: 13571458209695477828, levelgen mode: deterministic

160 Conn the Sneak (level 5, 0/32 HPs)
             Began as an Octopode Fire Elementalist on Oct 10, 2019.
             Slain by a frilled lizard (2 damage)
             ... on level 2 of the Dungeon.
             The game lasted 00:04:49 (1733 turns).

Conn the Sneak (Octopode Fire Elementalist)         Turns: 1733, Time: 00:04:52

Health: 0/32       AC:  1    Str: 11 (12) XL:     5   Next: 41%
Magic:  7/9        EV: 13    Int: 21 (24) God:
Gold:   74         SH:  0    Dex:  9 (12) Spells: 9/10 levels left

rFire    . . .     SeeInvis .   d - +0 dagger
rCold    . . .     Gourm    .   (no shield)
rNeg     . . .     Faith    .   (helmet restricted)
rPois    .         Spirit   .   j - amulet of harm
rElec    .         Reflect  .   (no ring)
rCorr    .         Harm     +   (no ring)
MR       .....                  (no ring)
Stlth    +++.......             (no ring)
HPRegen  0.10/turn              (no ring)
MPRegen  0.11/turn              (no ring)
                                (no ring)
                                (no ring)

@: mighty, brilliant, lethally poisoned (0 -> -8)
A: almost no armour, stealthy swim, amphibious, 8 rings, constrict 8, camouflage
1, gelatinous body 1
a: no special abilities


You were on level 2 of the Dungeon.
You were not hungry.

You visited 1 branch of the dungeon, and saw 2 of its levels.

You collected 74 gold pieces.

Inventory:

Hand Weapons
 d - a +0 dagger (weapon)
Missiles
 h - 8 boomerangs (quivered)
Jewellery
 j - an amulet of harm (around mantle)
Scrolls
 f - 2 scrolls of identify {unknown}
 g - 3 scrolls of remove curse {unknown}
 i - a scroll of enchant armour {unknown}
 l - a scroll of teleportation {unknown}
Potions
 k - a potion of brilliance
Comestibles
 a - a chunk of flesh
 b - 5 rations


   Skills:
 + Level 0.5 Fighting
 + Level 1.3 Short Blades
 + Level 2.1 Dodging
 + Level 4.0 Stealth
 + Level 3.0 Spellcasting
 + Level 1.8 Conjurations
 + Level 4.0 Fire Magic


You had 9 spell levels left.
You knew the following spells:

 Your Spells              Type           Power        Failure   Level  Hunger
a - Flame Tongue          Conj/Fire      ####.        1%          1    None

Your spell library contained the following spells:

 Spells                   Type           Power        Failure   Level  Hunger
 Throw Flame              Conj/Fire      ####..       1%          2    ##.....
 Conjure Flame            Conj/Fire      ####....     1%          3    ###....
 Inner Flame              Hex/Fire       ###.....     2%          3    ###....
 Sticky Flame             Conj/Fire      ####....     4%          4    ####...
 Fireball                 Conj/Fire      ####......   12%         5    ######.


Dungeon Overview and Level Annotations

Branches:
Dungeon (2/15)

Altars:


Innate Abilities, Weirdness & Mutations

You cannot wear most types of armour.
You are very stealthy in the water. (Stealth+)
You are amphibious.
You can wear up to eight rings at the same time.
You can use your tentacles to constrict eight enemies at once.
Your skin changes colour to match your surroundings (Stealth+).
Your rubbery body absorbs attacks. (AC +1, EV +1)


Message History

You see here 7 sling bullets.
It was a potion of brilliance.
You feel clever all of a sudden.
* * * LOW HITPOINT WARNING * * *
You feel sick. The bat hits you.
* * * LOW HITPOINT WARNING * * *
The bat barely misses you.
The frilled lizard completely misses you.
It was a potion of might.
You feel very mighty all of a sudden.
* * * LOW HITPOINT WARNING * * *
You feel sick. The bat closely misses you. The bat hits you but does no damage.
The frilled lizard closely misses you.
It was a potion of degeneration.
There was something very wrong with that liquid.
You feel weakened.
You feel dopey.
You feel clumsy.
* * * LOW HITPOINT WARNING * * *
You feel sick. The bat hits you but does no damage. The bat misses you.
The frilled lizard bites you.
You die...

#.###### #.##..... #
#..# ##........ #.#..#
###...#.##..
####.#..####...#.......
#.....b.............#..
#..........#####...##..
#......S†..............
#....##l#.##.....######
####.b@.#S##.#...#
#.#!$..#..#.### #
#.##.............
.........########
####..$#### #...# #...#
#


You could see an adder, a bat and a frilled lizard.

Vanquished Creatures
  A bullfrog (D:2)
  A gnoll (D:1)
  4 adders (D:2)
  An ooze (D:1)
  2 worms (D:2)
  3 dart slugs
  A giant cockroach (D:1)
  2 goblins
  5 hobgoblins
  8 kobolds (D:1)
  A quokka (D:2)
  3 ball pythons
  3 bats (D:1)
  2 frilled lizards
  3 rats
40 creatures vanquished.

Notes
Turn   | Place    | Note
-------+----------+-------------------------------------------
     0 | D:1      | Conn the Octopode Fire Elementalist began the quest for the
                  | Orb.
     0 | D:1      | Reached XP level 1. HP: 11/11 MP: 3/3
   304 | D:1      | Reached XP level 2. HP: 17/17 MP: 5/5
   426 | D:1      | Reached XP level 3. HP: 4/21 MP: 1/6
  1254 | D:2      | Noticed a bullfrog
  1261 | D:2      | Killed a bullfrog
  1261 | D:2      | Reached skill level 1 in Short Blades
  1261 | D:2      | Reached XP level 4. HP: 12/27 MP: 0/8
  1463 | D:2      | Reached XP level 5. HP: 30/32 MP: 3/9
  1733 | D:2      | Slain by a frilled lizard

Levels and vault maps discovered:
D:1:      evilmike_arrival_plus, layout_basic
D:2:      layout_rooms, minmay_domino_4

Skill      XL: |  1  2  3  4  5 |
---------------+----------------+-----
Stealth        | 3 4 |  4.0
Short Blades   | 1 |  1.3
Spellcasting   | 3 |  3.0
Fire Magic     | 4 |  4.0
Fighting       | |  0.5
Dodging        | |  2.1
Conjurations   | |  1.8

Action                   |  1- 3 |  4- 6 || total
-------------------------+-------+-------++-------
Melee: Unarmed           |     3 |       ||     3
       Dagger            |    24 |    23 ||    47
       Constrict         |     7 |     6 ||    13
       Tentacles         |     4 |     3 ||     7
Throw: Boomerang         |     1 |       ||     1
 Cast: Flame Tongue      |    33 |    21 ||    54
  Use: Potion            |       |     3 ||     3
 Stab: Sleeping          |     4 |     1 ||     5
  Eat: Chunk             |     1 |     2 ||     3
Armor: Skin              |     2 |     7 ||     9
Dodge: Dodged            |    22 |    45 ||    67

Table legend:
 A = Non-vault XP
 B = Vault XP
 C = Vault XP percentage of total XP
 D = Non-vault monster count
 E = Vault monster count
 F = Vault count percentage of total count
                 A         B        C        D         E       F
            +---------+---------+-------+---------+---------+-------
      Total |     215 |      14 |   6.1 |      38 |       2 |   5.0
            +---------+---------+-------+---------+---------+-------
        D:1 |      58 |       0 |   0.0 |      25 |       0 |   0.0
        D:2 |     157 |      14 |   8.2 |      13 |       2 |  13.3
            +---------+---------+-------+---------+---------+-------
